 Dungeon Crawl Stone Soup version 0.19-a0-753-gae73b43 (webtiles) character file.

463 suvakkihuora the Ruffian (level 6, 0/56 HPs)
             Began as a Minotaur Monk on June 25, 2016.
             Slain by a gnoll
             ... wielding a +0 spear
              (10 damage)
             ... on level 4 of the Dungeon.
             The game lasted 00:05:15 (2399 turns).

suvakkihuora the Ruffian (Minotaur Monk)            Turns: 2399, Time: 00:05:16

Health: 0/56       AC:  4    Str: 17    XL:     6   Next: 79%
Magic:  5/5        EV: 15    Int:  7    God:
Gold:   117        SH:  0    Dex: 13    Spells: 0 memorised, 5 levels left

rFire  . . .     SeeInvis +       - Unarmed
rCold  . . .     Gourm    .     a - +0 robe
rNeg   + . .     Faith    .     (no shield)
rPois  .         Spirit   .     (helmet restricted)
rElec  .         Dismiss  .     x - +0 cloak
rCorr  .         Reflect  .     r - +0 pair of gloves
SustAt .         Harm     .     (no boots)
MR     .....                    A - amulet of magic regeneration
Stlth  ++........               s - ring of see invisible
                                e - ring of positive energy

@: not resistant to hostile enchantments, unstealthy
A: retaliatory headbutt, horns 2, sense surroundings 1
a: no special abilities


You were on level 4 of the Dungeon.
You were not hungry.

You visited 1 branch of the dungeon, and saw 4 of its levels.

You collected 117 gold pieces.

Inventory:

Hand Weapons
 q - a +2 dagger of venom
Armour
 a - a +0 robe (worn)
 r - a +0 pair of gloves (worn)
 x - a +0 cloak (worn)
Jewellery
 e - a ring of positive energy (left hand)
 j - an uncursed ring of flight
 s - a ring of see invisible (right hand)
 A - an amulet of magic regeneration (around neck)
Wands
 y - a wand of random effects (16/48)
Scrolls
 d - a scroll of amnesia {unknown}
 l - 2 scrolls of recharging {unknown}
 m - 2 scrolls of random uselessness {unknown}
 n - 3 scrolls of fog
 p - a scroll of identify {unknown}
 u - 3 scrolls of enchant armour {unknown}
 v - a scroll of fear {unknown}
 w - a scroll of teleportation {unknown}
Potions
 f - a potion of mutation {unknown}
 g - a potion of resistance {unknown}
 h - a potion of degeneration {unknown}
 i - a potion of might {unknown}
 k - a potion of curing {unknown}
 o - 2 potions of haste {unknown}
Comestibles
 b - 5 bread rations
 t - 6 chunks of flesh
 z - a beef jerky


   Skills:
 + Level 5.3 Fighting
 + Level 5.4 Dodging
 - Level 1.6 Stealth
 * Level 6.2 Unarmed Combat


You had 5 spell levels left.
You didn't know any spells.

Dungeon Overview and Level Annotations

Branches:
Dungeon (4/15)
 Temple: D:4-7

Altars:
Fedhas
Sif Muna

Annotations:
D:3 exclusion: oklob plant
D:4 George's ghost, amateur HOFi; Menkaure


Innate Abilities, Weirdness & Mutations

You reflexively headbutt those who attack you in melee.
You have a pair of horns on your head.
You passively map a small area around you.


Message History

You feel sick.
You are no longer poisoned.
You now have 117 gold pieces (gained 7).
Found a stone staircase leading down.
You hear the brisk hiss of an avalanche of sand nearby.
Found a stone staircase leading down.
Found 19 gold pieces.
A gnoll comes into view. It is wielding a spear.
The gnoll shouts!
Menkaure, Prince of Dust comes into view.
Menkaure shouts!
You hear a shout! x2
A gnoll comes into view. It is wielding a club.
Menkaure closely misses you.
Found a scroll labeled QIGARI YKISUN.
It was a potion of beneficial mutation.
You feel a strange attunement to the structure of the dungeons.
You feel fantastic! Menkaure hits you!
* * * LOW HITPOINT WARNING * * *
The gnoll hits you from afar with a spear!
You die...

#.## #..# #. #.# #.# * * #..#
###.. #[# #.# #..# #>..# #.## #.#
#..#######.#.. ...## #.#
#............. )...## #.#,
#.########.### .....###.# *
######.## #.# #
......##.#.####.$.....# #.# #
.........#.g..g$@.....#######.###
.....##########M#..##.......>....
........# #.#.....###........
.....##.# #?#.........#######
........# #.#..##.###.# #
...####.# #.....,.# #.# # #.##
#.# ###..#### #.# # #.#####.###
#..# #.# # #.........# #..# #.# #


You could see Menkaure and 2 gnolls.

Vanquished Creatures
  Grinder (D:3)
  A scorpion (D:4)
  An orc wizard (D:4)
  An iguana (D:4)
  Jessica (D:3)
  A worker ant (D:4)
  4 adders
  An ooze (D:4)
  5 worms
  4 giant geckos
  5 orcs
  4 bats
  13 giant cockroaches
  6 goblins
  5 hobgoblins
  8 kobolds
  2 quokkas
  A giant gecko skeleton (D:4)
  3 giant newts
  9 rats
76 creatures vanquished.

Vanquished Creatures (others)
  12 toadstools (D:3)
12 creatures vanquished.

Grand Total: 88 creatures vanquished

Notes
Turn   | Place    | Note
--------------------------------------------------------------
     0 | D:1      | suvakkihuora the Minotaur Monk began the quest for the Orb.
     0 | D:1      | Reached XP level 1. HP: 19/19 MP: 0/0
    97 | D:1      | Reached XP level 2. HP: 21/27 MP: 1/1
   579 | D:2      | Reached XP level 3. HP: 33/33 MP: 2/2
   873 | D:2      | Reached skill level 4 in Unarmed Combat
  1409 | D:3      | Found a blossoming altar of Fedhas.
  1422 | D:3      | Noticed an oklob plant
  1483 | D:3      | Noticed Grinder
  1494 | D:3      | Paralysed by Grinder for 7 turns
  1507 | D:3      | Killed Grinder
  1507 | D:3      | Reached skill level 5 in Dodging
  1507 | D:3      | Reached skill level 5 in Unarmed Combat
  1507 | D:3      | Reached XP level 4. HP: 34/41 MP: 3/3
  1507 | D:3      | Reached XP level 5. HP: 39/47 MP: 4/4
  1811 | D:3      | Reached XP level 6. HP: 55/55 MP: 5/5
  1905 | D:3      | Noticed Jessica
  1919 | D:3      | Killed Jessica
  1919 | D:3      | Reached skill level 5 in Fighting
  1937 | D:3      | Found a deep blue altar of Sif Muna.
  2121 | D:4      | Noticed George's ghost (amateur HOFi)
  2161 | D:4      | Reached skill level 6 in Unarmed Combat
  2397 | D:4      | Noticed Menkaure
  2399 | D:4      | Gained mutation: You passively map a small area around you. [potion of beneficial mutation]
  2399 | D:4      | Slain by a gnoll

Vault maps used:
D:1:      dpeg_arrival_windows_large_door
D:2:      nicolae_overflow_hidden_temple
D:3:      minmay_roachtagon, ashenzari_conservatory_becter, led_sif_pool,
          tgw_fedhas, uniq_grinder, uniq_jessica
D:4:      makhleb_heckhound_becter, enter_ossuary_5,
          wad_floor_pattern_untrapped, uniq_menkaure

Skill      XL: |  1  2  3  4  5  6 |
---------------+-------------------+-----
Dodging        | 4 5 |  5.4
Unarmed Combat | 5 6 |  6.2
Fighting       | 4 5 |  5.3
Stealth        | |  1.6

Action                   |  1- 3 |  4- 6 || total
-------------------------+-------+-------++-------
Melee: Unarmed           |   102 |    92 ||   194
       Headbutt          |    19 |    24 ||    43
  Use: Potion            |     1 |     1 ||     2
       Scroll            |       |     1 ||     1
 Stab: Sleeping          |     3 |     2 ||     5
  Eat: Chunk             |     1 |     4 ||     5
Armor: Robe              |    11 |    12 ||    23
       Skin              |     2 |       ||     2
Dodge: Dodged            |    57 |    51 ||   108
